 Dungeon Crawl Stone Soup version 0.30-a0-1164-ge08a67761e (webtiles) character file.

Game seed: 16646673736815482363

395 Rrauwl the Skirmisher (level 6, -2/35 HPs)
             Began as a Deep Elf Hunter on Apr 29, 2023.
             Was an Initiate of Ru.
             Slain by an ogre
             ... wielding a +0 giant club
              (37 damage)
             ... on level 5 of the Dungeon.
             The game lasted 00:08:22 (3830 turns).

Rrauwl the Skirmisher (Deep Elf Hunter)             Turns: 3830, Time: 00:08:22

Health: -2/35      AC:  4    Str: 10    XL:     6   Next: 52%
Magic:  8/8        EV: 12    Int: 14    God:    Ru [......]
Gold:   255        SH:  0    Dex: 18    Spells: 5/5 levels left

rFire   + . .        a - +1 shortbow
rCold   . . .        (shield currently unavailable)
rNeg    . . .        c - +0 leather armour
rPois   .            f - +0 helmet
rElec   .            (no cloak)
rCorr   .            (no gloves)
SInv    .            (no boots)
Will    .....        (no amulet)
Stlth   ++           d - ring of protection from fire
HPRegen 0.25/turn    (no ring)
MPRegen 0.11/turn

%: no passive effects
@: no status effects
A: no striking features
a: Renounce Religion


You were on level 5 of the Dungeon.
You worshipped Ru.
Ru was noncommittal.
You visited 2 branches of the dungeon, and saw 6 of its levels.

You collected 255 gold pieces.

Inventory:

Hand Weapons
 a - a +1 shortbow (weapon)
Missiles
 k - a throwing net
Armour
 c - a +0 leather armour (worn)
 f - a +0 helmet (worn)
Jewellery
 d - a ring of protection from fire (left hand)
Scrolls
 b - 4 scrolls of immolation
 e - a scroll of identify
 g - a scroll of butterflies
 j - a scroll of enchant weapon
 m - a scroll of fear
Potions
 h - a potion of flight
 l - 2 potions of curing
 n - a potion of brilliance


   Skills:
 - Level 2.0 Fighting
 + Level 9.6 Ranged Weapons
 - Level 1.0 Armour
 - Level 3.0 Dodging
 - Level 2.0 Stealth


You had 5 spell levels left.
You didn't know any spells.
Your spell library contained the following spells:

 Spells                   Type           Power      Damage    Failure   Level
 Ensorcelled Hibernation  Hex/Ice        0%         N/A       52%         2
 Passwall                 Tmut/Erth      0%         N/A       52%         2
 Swiftness                Air            0%         N/A       75%         3


Dungeon Overview and Level Annotations

Branches:
Dungeon (5/15)             Temple (1/1) D:4

Altars:
Ashenzari
Dithmenos
Fedhas
Gozag
Hepliaklqana
Kikubaaqudgha
Makhleb
Okawaru
Ru
Sif Muna
Trog
Uskayaw
Vehumet
Xom
Yredelemnul
Zin
The Shining One

Annotations:
D:4 2 transporters, petermcneter's ghost, amateur DsGl


Message History

Found a stone staircase leading up.
There is an open door here.
You see here 6 poisoned darts.
You see here 2 curare-tipped darts.
You open the door.
There is an open door here.
Found a blossoming altar of Fedhas.
There is an open door here.
You open the door.
There is an open door here.
You see here a +0 leather armour.
You now have 255 gold pieces (gained 13).
Partly explored, unvisited transporter.
You drop a +3 antimagic whip.
Partly explored, unvisited transporter.
(D) Dungeon (T) Temple
Where to? (Enter - D:4, ? - help)
You see here a +0 leather armour.
There is an open door here.
There is an open door here.
There is a stone staircase leading down here.
You climb downwards.
There is a stone staircase leading up here.
An ogre is nearby!
You shoot an arrow. The arrow barely misses the ogre.
You shoot an arrow. The arrow hits the ogre.
The ogre is lightly wounded.
You shoot an arrow. The arrow barely misses the ogre.
You shoot an arrow. The arrow hits the ogre!
The ogre is moderately wounded.
The ogre barely misses you.
You shoot an arrow. The arrow barely misses the ogre.
You shoot an arrow. The arrow hits the ogre.
The ogre is heavily wounded.
The ogre barely misses you.
You shoot an arrow. The arrow hits the ogre!
The ogre is severely wounded.
The ogre hits you with a +0 giant club!!!
Ouch! That really hurt!
You die...

####
..#
#.#
#@#
#O#
#.#
#.#
...
...
#..
#...


You could see an ogre.

Vanquished Creatures
  A phantom (D:4)
  A scorpion (D:4)
  A hound (D:4)
  An orc priest (D:3)
  Jessica (D:2)
  An orc wizard (D:3)
  3 adders
  4 gnolls (D:3)
  4 worms
  2 dart slugs
  An orc (D:3)
  6 endoplasms
  3 giant cockroaches
  5 goblins
  4 hobgoblins
  7 jackals
  8 kobolds
  3 quokkas
  11 ball pythons
  2 bats
  3 frilled lizards
  5 rats (D:3)
77 creatures vanquished.

Notes
Turn   | Place    | Note
-------+----------+-------------------------------------------
     0 | D:1      | Rrauwl the Deep Elf Hunter began the quest for the Orb.
     0 | D:1      | Reached XP level 1. HP: 12/12 MP: 3/3
   358 | D:1      | Reached XP level 2. HP: 17/17 MP: 4/4
   683 | D:2      | Noticed Jessica
   687 | D:2      | Killed Jessica
   688 | D:2      | Reached XP level 3. HP: 20/21 MP: 5/5
   707 | D:2      | Reached skill level 1 in Armour
   733 | D:2      | Reached skill level 6 in Ranged Weapons
  1010 | D:2      | Reached XP level 4. HP: 14/26 MP: 6/6
  1581 | D:3      | Reached skill level 7 in Ranged Weapons
  1595 | D:3      | Found a bloodstained altar of Trog.
  1601 | D:3      | Reached XP level 5. HP: 30/30 MP: 7/7
  1691 | D:3      | Found a shimmering altar of Xom.
  1746 | D:3      | Reached skill level 8 in Ranged Weapons
  2552 | D:4      | Found a transporter.
  2645 | D:4      | Noticed a phantom
  2652 | D:4      | Killed a phantom
  2653 | D:4      | Reached XP level 6. HP: 24/35 MP: 8/8
  2856 | D:4      | Reached skill level 9 in Ranged Weapons
  2909 | D:4      | Noticed petermcneter's ghost (amateur DsGl)
  2910 | D:4      | Found a transporter.
  2995 | D:4      | Found a staircase to the Ecumenical Temple.
  3049 | Temple   | Entered the Ecumenical Temple
  3262 | Temple   | Became a worshipper of Ru the Awakened
  3694 | D:4      | Found a blossoming altar of Fedhas.
  3823 | D:5      | Entered Level 5 of the Dungeon
  3830 | D:5      | Slain by an ogre

Illustrated notes

Levels and vault maps discovered:
D:1:      heliophobic_arrival_henge, layout_loops_ring
D:2:      layout_loops_ring, uniq_jessica
D:3:      layout_basic, mainiacjoe_overflow_catwalk, lemuel_round_altar,
          minmay_misc_feat_roman, hex_medium
D:4:      layout_loops_corners, fedhas_altar_fruit_tree,
          minmay_temple_entry_waves, gammafunk_ghost_mausoleum
D:5:      layout_loops_ring, kennysheep_boxes, uniq_crazy_yiuf_cottage,
          uniq_duvessa
Temple:   eino_temple_water

Skill      XL: |  1  2  3  4  5  6 |
---------------+-------------------+-----
Fighting       | 2 |  2.0
Dodging        | 3 |  3.0
Stealth        | 2 |  2.0
Armour         | 1 |  1.0
Ranged Weapons | 6 7 8 9 |  9.6

Action                     |  1- 3 |  4- 6 || total
---------------------------+-------+-------++-------
   Fire: Shortbow          |    75 |   141 ||   216
    Use: Scroll            |     1 |    10 ||    11
 Armour: Leather armour    |     7 |    10 ||    17
  Dodge: Dodged            |    12 |    26 ||    38

Table legend: (Time is in decaauts)
 A = Elapsed time spent in this place.
 B = Non-inter-level travel time spent in this place.
 C = Inter-level travel time spent in this place.
 D = Time resting spent in this place.
 E = Time spent auto-exploring this place.
 F = Levels seen in this place.
 G = Mean time per level.
                   A        B        C        D        E       F      G
               +--------+--------+--------+--------+--------+-----+--------+
         Total |   3870 |   3710 |    160 |      0 |   3229 |   6 |  645.0 |
       Dungeon |   3642 |   3496 |    146 |      0 |   3030 |   5 |  728.4 |
        Temple |    227 |    213 |     14 |      0 |    199 |   1 |  227.0 |
               +--------+--------+--------+--------+--------+-----+--------+

Top non-repeatable levels by time:
     D:4: 1063 daAuts
     D:3: 1038 daAuts
     D:2: 856 daAuts
     D:1: 677 daAuts
  Temple: 227 daAuts
     D:5: 7 daAuts
